TOP OF THE 1ST |
Utica Unicorns batting - Pitching for Allentown Hillbillies : RHP Carlos García
|
Pitching: RHP Carlos García
|
|
Batting: RHB John Jones
|
0-0: Swinging Strike 0-1: Ball 1-1: Foul Ball, location: 2F 1-2: Strikes out looking
|
Batting: RHB Justin Geoghegan
|
0-0: Ball 1-0: Called Strike 1-1: Swinging Strike 1-2: Ball 2-2: Ball 3-2: Base on Balls
|
Batting: LHB Mitchell Oglethorpe
|
0-0: Ball 1-0: Foul Ball, location: 2F 1-1: Called Strike 1-2: Strikes out swinging
|
Batting: RHB Kenny Cole
|
0-0: Ball 1-0: Called Strike 1-1: Foul Ball, location: 2F 1-2: Ball 2-2: SINGLE (Groundball, 6D) Justin Geoghegan to second
|
Batting: LHB José Flores
|
0-0: Swinging Strike 0-1: Ball 1-1: Foul Ball, location: 2F 1-2: SINGLE (Groundball, 25) (infield hit) Justin Geoghegan to third Kenny Cole to second
|
Batting: SHB Ralph Robison
|
0-0: Ball 1-0: Called Strike 1-1: Fly out, F5 (Line Drive, 5)
|
Top of the 1st over - 0 runs, 2 hits, 0 errors, 3 left on base; Utica 0 - Allentown 0 |
BOTTOM OF THE 1ST |
Allentown Hillbillies batting - Pitching for Utica Unicorns : RHP Paul Clark
|
Pitching: RHP Paul Clark
|
|
Batting: LHB Júlio Lorenzo
|
0-0: Called Strike 0-1: Ball 1-1: Called Strike 1-2: Ball 2-2: Foul Ball, location: 2F 2-2: Ball 3-2: Strikes out swinging
|
Batting: SHB Travis Martin
|
0-0: Foul Ball, location: 2F 0-1: SINGLE (Groundball, 6MD)
|
Batting: RHB Albert Lutz
|
0-0: Called Strike 0-1: Swinging Strike 0-2: Ball 1-2: Strikes out looking
|
Batting: RHB Germano Labrego
|
0-0: Ball 1-0: Foul Ball, location: 2F 1-1: Called Strike 1-2: Strikes out swinging
|
Bottom of the 1st over - 0 runs, 1 hit, 0 errors, 1 left on base; Utica 0 - Allentown 0 |
TOP OF THE 2ND |
Utica Unicorns batting - Pitching for Allentown Hillbillies : RHP Carlos García
|
Batting: RHB Morgan Gibbon
|
0-0: Ball 1-0: Ball 2-0: Swinging Strike 2-1: Ball 3-1: Base on Balls
|
Batting: RHB Juan Caceres
|
0-0: Ground out 3-1 (Groundball, 34S) Morgan Gibbon to second
|
Batting: RHB António Magana
|
0-0: Ground out 4-3 (Groundball, 4) Morgan Gibbon to third
|
Batting: RHB John Jones
|
0-0: Ball 1-0: Foul Ball, location: 2F 1-1: Ball 2-1: Ball 3-1: SINGLE (Flyball, 89S) Morgan Gibbon scores
|
Batting: RHB Justin Geoghegan
|
0-0: Ball 1-0: Called Strike 1-1: Called Strike 1-2: Ground out U3 (Groundball, 3L)
|
Top of the 2nd over - 1 run, 1 hit, 0 errors, 1 left on base; Utica 1 - Allentown 0 |
BOTTOM OF THE 2ND |
Allentown Hillbillies batting - Pitching for Utica Unicorns : RHP Paul Clark
|
Batting: RHB Germán Romero
|
0-0: Called Strike 0-1: Foul Ball, location: 2F 0-2: Strikes out looking
|
Batting: RHB Jeff Townsley
|
0-0: Ball 1-0: Ball 2-0: Called Strike 2-1: Ball 3-1: Called Strike 3-2: Strikes out looking
|
Batting: RHB Justin Harris
|
0-0: Ball 1-0: Foul Ball, location: 2F 1-1: Foul Ball, location: 2F 1-2: Foul Ball, location: 2F 1-2: Ball 2-2: Ball 3-2: Base on Balls
|
Batting: RHB Marc Cox
|
0-0: Swinging Strike 0-1: Foul Ball, location: 2F 0-2: SINGLE (Groundball, 56D) Justin Harris to second
|
Batting: RHB Juan Magdayao
|
0-0: Foul Ball, location: 2F 0-1: Swinging Strike 0-2: Strikes out swinging
|
Bottom of the 2nd over - 0 runs, 1 hit, 0 errors, 2 left on base; Utica 1 - Allentown 0 |
TOP OF THE 3RD |
Utica Unicorns batting - Pitching for Allentown Hillbillies : RHP Carlos García
|
Batting: LHB Mitchell Oglethorpe
|
0-0: Ball 1-0: Ball 2-0: Called Strike 2-1: Swinging Strike 2-2: Strikes out swinging
|
Batting: RHB Kenny Cole
|
0-0: Swinging Strike 0-1: Ball 1-1: Fly out, F6 (Line Drive, 6)
|
Batting: LHB José Flores
|
0-0: Fly out, F3 (Line Drive, 4)
|
Top of the 3rd over - 0 runs, 0 hits, 0 errors, 0 left on base; Utica 1 - Allentown 0 |
BOTTOM OF THE 3RD |
Allentown Hillbillies batting - Pitching for Utica Unicorns : RHP Paul Clark
|
Batting: LHB Júlio Lorenzo
|
0-0: Ball 1-0: Ball 2-0: Ball 3-0: Called Strike 3-1: Base on Balls
|
Batting: SHB Travis Martin
|
0-0: Fly out, F8 (Flyball, 8RS)
|
Batting: RHB Albert Lutz
|
0-0: Ball 1-0: SINGLE (Groundball, 56D) Júlio Lorenzo to second
|
Batting: RHB Germano Labrego
|
0-0: Grounds into double play, 3-6-3 (Groundball, 3)
|
Bottom of the 3rd over - 0 runs, 1 hit, 0 errors, 1 left on base; Utica 1 - Allentown 0 |
TOP OF THE 4TH |
Utica Unicorns batting - Pitching for Allentown Hillbillies : RHP Carlos García
|
Batting: SHB Ralph Robison
|
0-0: Ground out 6-3 (Groundball, 6)
|
Batting: RHB Morgan Gibbon
|
0-0: Ball 1-0: Ball 2-0: Ball 3-0: Called Strike 3-1: Base on Balls
|
Pitching: RHP Coy Torres
|
|
Batting: RHB Juan Caceres
|
0-0: Ball 1-0: Ball 2-0: Called Strike 2-1: Ball 3-1: Base on Balls Morgan Gibbon to second
|
Batting: RHB António Magana
|
0-0: Called Strike 0-1: TRIPLE (Line Drive, 89XD) Morgan Gibbon scores Juan Caceres scores
|
Batting: RHB John Jones
|
0-0: Swinging Strike 0-1: Ground out 6-3 (Groundball, 6) António Magana scores
|
Batting: RHB Justin Geoghegan
|
0-0: Called Strike 0-1: Called Strike 0-2: Ball 1-2: Ball 2-2: Single, Error in OF, E8, batter to second base
|
Batting: LHB Mitchell Oglethorpe
|
0-0: Ball 1-0: Ball 2-0: Ball 3-0: Called Strike 3-1: Ground out 4-3 (Groundball, 4)
|
Top of the 4th over - 3 runs, 2 hits, 1 error, 1 left on base; Utica 4 - Allentown 0 |
BOTTOM OF THE 4TH |
Allentown Hillbillies batting - Pitching for Utica Unicorns : RHP Paul Clark
|
Batting: RHB Germán Romero
|
0-0: Ball 1-0: SOLO HOME RUN (Flyball, 7LD), Distance : 359 ft
|
Batting: RHB Jeff Townsley
|
0-0: Ball 1-0: Called Strike 1-1: Foul Ball, location: 2F 1-2: Foul Ball, location: 2F 1-2: Ball 2-2: Ball 3-2: SINGLE (Line Drive, 4MD)
|
Batting: RHB Justin Harris
|
0-0: Ball 1-0: Called Strike 1-1: Ball 2-1: Fly out, F7 (Flyball, 7LM)
|
Batting: RHB Marc Cox
|
0-0: Called Strike Jeff Townsley steals 2nd base 0-1: Swinging Strike 0-2: Ball 1-2: Ball 2-2: Strikes out swinging
|
Batting: RHB Juan Magdayao
|
0-0: Foul Ball, location: 2F 0-1: Foul Ball, location: 2F 0-2: Ball 1-2: Foul Ball, location: 2F 1-2: Ball 2-2: Ball 3-2: Strikes out looking
|
Bottom of the 4th over - 1 run, 2 hits, 0 errors, 1 left on base; Utica 4 - Allentown 1 |
TOP OF THE 5TH |
Utica Unicorns batting - Pitching for Allentown Hillbillies : RHP Coy Torres
|
Batting: RHB Kenny Cole
|
0-0: Swinging Strike 0-1: Ground out 4-3 (Groundball, 4)
|
Batting: LHB José Flores
|
0-0: Swinging Strike 0-1: Ball 1-1: Called Strike 1-2: Ball 2-2: Ball 3-2: Foul Ball, location: 2F 3-2: Foul Ball, location: 2F 3-2: Foul Ball, location: 2F 3-2: Base on Balls
|
Batting: SHB Ralph Robison
|
0-0: Ball 1-0: Called Strike 1-1: SINGLE (Line Drive, 8LS) José Flores to second Runner from 2nd tries for 3rd, SAFE, throw made to third
|
Batting: RHB Morgan Gibbon
|
0-0: Fly out, F8 (Flyball, 78D) Runner from 3rd tags up, SCORES, throw made
|
Batting: RHB Juan Caceres
|
0-0: Ball 1-0: Called Strike 1-1: Foul Ball, location: 2F 1-2: Strikes out looking
|
Top of the 5th over - 1 run, 1 hit, 0 errors, 1 left on base; Utica 5 - Allentown 1 |
BOTTOM OF THE 5TH |
Allentown Hillbillies batting - Pitching for Utica Unicorns : RHP Paul Clark
|
Batting: LHB Júlio Lorenzo
|
0-0: Called Strike 0-1: Ground out 4-3 (Groundball, 4)
|
Batting: SHB Travis Martin
|
0-0: Called Strike 0-1: Ball 1-1: Ball 2-1: Foul Ball, location: 2F 2-2: Foul Ball, location: 2F 2-2: Ball 3-2: Base on Balls
|
Batting: RHB Albert Lutz
|
0-0: Foul Ball, location: 2F 0-1: Fielders Choice at 2nd, 6-4 (Groundball, 6)
|
Batting: RHB Germano Labrego
|
0-0: Ball 1-0: Fielders Choice at 2nd, 6-4 (Groundball, 6)
|
Bottom of the 5th over - 0 runs, 0 hits, 0 errors, 1 left on base; Utica 5 - Allentown 1 |
TOP OF THE 6TH |
Utica Unicorns batting - Pitching for Allentown Hillbillies : RHP Coy Torres
|
Batting: RHB António Magana
|
0-0: Called Strike 0-1: SINGLE (Groundball, 6D)
|
Batting: RHB John Jones
|
0-0: Ball 1-0: Ball 2-0: Foul Ball, location: 2F 2-1: Ground out U3 (Groundball, 34S) António Magana to second
|
Batting: RHB Justin Geoghegan
|
0-0: Ball António Magana steals 3rd base 1-0: Ground out 6-3 (Groundball, 6) António Magana scores
|
Batting: LHB Mitchell Oglethorpe
|
0-0: Ball 1-0: SINGLE (Flyball, 78M)
|
Batting: RHB Kenny Cole
|
0-0: Foul Ball, location: 2F 0-1: Ball 1-1: Foul Ball, location: 2F 1-2: Ball 2-2: Ball 3-2: Foul Ball, location: 2F 3-2: Fly out, F7 (Flyball, 7LD)
|
Top of the 6th over - 1 run, 2 hits, 0 errors, 1 left on base; Utica 6 - Allentown 1 |
BOTTOM OF THE 6TH |
Allentown Hillbillies batting - Pitching for Utica Unicorns : RHP Paul Clark
|
Batting: RHB Germán Romero
|
0-0: Ball 1-0: Called Strike 1-1: Foul Ball, location: 2F 1-2: Hit by Pitch
|
Batting: RHB Jeff Townsley
|
0-0: Called Strike 0-1: Ball 1-1: Ball 2-1: Ball 3-1: Base on Balls Germán Romero to second
|
Pitching: RHP Don Wiggins
|
|
Batting: RHB Justin Harris
|
0-0: Called Strike 0-1: Fly out, F5 (Popup, 5)
|
Batting: RHB Marc Cox
|
0-0: Grounds into double play, 5-4-3 (Groundball, 5)
|
Bottom of the 6th over - 0 runs, 0 hits, 0 errors, 1 left on base; Utica 6 - Allentown 1 |
TOP OF THE 7TH |
Utica Unicorns batting - Pitching for Allentown Hillbillies : RHP Coy Torres
|
Batting: LHB José Flores
|
0-0: Called Strike 0-1: Foul Ball, location: 2F 0-2: Ball 1-2: Ball 2-2: SINGLE (Groundball, 3D)
|
Batting: SHB Ralph Robison
|
0-0: Foul Ball, location: 2F 0-1: Swinging Strike 0-2: Ball 1-2: 2-RUN HOME RUN (Flyball, 89XD), Distance : 410 ft
|
Batting: RHB Morgan Gibbon
|
0-0: Ball 1-0: Foul Ball, location: 2F 1-1: Foul Ball, location: 2F 1-2: Foul Ball, location: 2F 1-2: Fly out, F8 (Flyball, 8RD)
|
Batting: RHB Juan Caceres
|
0-0: Ball 1-0: Ball 2-0: Ball 3-0: Base on Balls
|
Pitching: LHP Robert Trent
|
|
Batting: RHB António Magana
|
0-0: Called Strike 0-1: Ball 1-1: Ball 2-1: Foul Ball, location: 2F 2-2: Strikes out swinging
|
Batting: RHB John Jones
|
0-0: Foul Ball, location: 2F 0-1: Ball Wild Pitch! Juan Caceres to second 1-1: Foul Ball, location: 2F 1-2: Ball 2-2: Foul Ball, location: 2F 2-2: Strikes out swinging
|
Top of the 7th over - 2 runs, 2 hits, 0 errors, 1 left on base; Utica 8 - Allentown 1 |
BOTTOM OF THE 7TH |
Allentown Hillbillies batting - Pitching for Utica Unicorns : RHP Don Wiggins
|
Batting: RHB Juan Magdayao
|
0-0: Ball 1-0: Ball 2-0: Foul Ball, location: 2F 2-1: Swinging Strike 2-2: Foul Ball, location: 2F 2-2: Ball 3-2: Foul Ball, location: 2F 3-2: Strikes out looking
|
Batting: LHB Júlio Lorenzo
|
0-0: Ball 1-0: Ball 2-0: Ball 3-0: Base on Balls
|
Batting: SHB Travis Martin
|
0-0: Ball 1-0: Ball Júlio Lorenzo is caught stealing 2nd base 2-0: Called Strike 2-1: Ball 3-1: Base on Balls
|
Batting: RHB Albert Lutz
|
0-0: Ball 1-0: Ball 2-0: Ball 3-0: Called Strike 3-1: Base on Balls Travis Martin to second
|
Batting: RHB Germano Labrego
|
0-0: Ground out 6-3 (Groundball, 6S)
|
Bottom of the 7th over - 0 runs, 0 hits, 0 errors, 2 left on base; Utica 8 - Allentown 1 |
TOP OF THE 8TH |
Utica Unicorns batting - Pitching for Allentown Hillbillies : LHP Robert Trent
|
Batting: RHB Justin Geoghegan
|
0-0: Ball 1-0: Ground out U3 (Groundball, 3L)
|
Batting: LHB Mitchell Oglethorpe
|
0-0: Called Strike 0-1: Ball 1-1: Foul Ball, location: 2F 1-2: Ball 2-2: Ball 3-2: Base on Balls
|
Batting: RHB Kenny Cole
|
0-0: Ball 1-0: Ball 2-0: Ball 3-0: Base on Balls Mitchell Oglethorpe to second
|
Batting: LHB José Flores
|
0-0: Swinging Strike 0-1: Ball 1-1: Ball 2-1: Foul Ball, location: 2F 2-2: Strikes out swinging
|
Batting: SHB Ralph Robison
|
0-0: Called Strike 0-1: Ball 1-1: 3-RUN HOME RUN (Flyball, 7LD), Distance : 355 ft
|
Batting: RHB Morgan Gibbon
|
0-0: Ball 1-0: Ball 2-0: Ground out 4-3 (Groundball, 4)
|
Top of the 8th over - 3 runs, 1 hit, 0 errors, 0 left on base; Utica 11 - Allentown 1 |
BOTTOM OF THE 8TH |
Allentown Hillbillies batting - Pitching for Utica Unicorns : RHP Don Wiggins
|
Batting: RHB Germán Romero
|
0-0: Swinging Strike 0-1: Foul Ball, location: 2F 0-2: Ball 1-2: Strikes out swinging
|
Batting: RHB Jeff Townsley
|
0-0: Ball 1-0: Ball 2-0: Foul Ball, location: 2F 2-1: Fly out, F7 (Flyball, 7D)
|
Batting: RHB Justin Harris
|
0-0: Ball 1-0: Ball 2-0: Ball 3-0: Called Strike 3-1: Fly out, F6 (Line Drive, 6M)
|
Bottom of the 8th over - 0 runs, 0 hits, 0 errors, 0 left on base; Utica 11 - Allentown 1 |
TOP OF THE 9TH |
Utica Unicorns batting - Pitching for Allentown Hillbillies : LHP Robert Trent
|
Batting: RHB Juan Caceres
|
0-0: Foul Ball, location: 2F 0-1: Ball 1-1: Ball 2-1: Called Strike 2-2: Foul Ball, location: 2F 2-2: Foul Ball, location: 2F 2-2: Fly out, F8 (Flyball, 8LS)
|
Batting: RHB António Magana
|
0-0: Called Strike 0-1: Ball 1-1: Ball 2-1: Ball 3-1: Base on Balls
|
Batting: RHB John Jones
|
0-0: Ball 1-0: Called Strike 1-1: Foul Ball, location: 2F 1-2: TRIPLE (Flyball, 78XD) António Magana scores
|
Batting: RHB Justin Geoghegan
|
0-0: Ball 1-0: Ball 2-0: Ball 3-0: Called Strike 3-1: Base on Balls
|
Batting: LHB Mitchell Oglethorpe
|
0-0: Called Strike 0-1: Ball 1-1: Foul Ball, location: 2F 1-2: Ball 2-2: Ball 3-2: Foul Ball, location: 2F 3-2: Base on Balls Justin Geoghegan to second
|
Pitching: RHP Russell Ewing
|
|
Batting: RHB Kenny Cole
|
0-0: Ball 1-0: Called Strike 1-1: Ball 2-1: Foul Ball, location: 2F 2-2: Ball 3-2: Foul Ball, location: 2F 3-2: Foul Ball, location: 2F 3-2: Base on Balls John Jones scores Justin Geoghegan to third Mitchell Oglethorpe to second
|
Batting: LHB José Flores
|
0-0: Ball 1-0: Ball 2-0: Ball 3-0: Base on Balls Justin Geoghegan scores Mitchell Oglethorpe to third Kenny Cole to second
|
Batting: SHB Ralph Robison
|
0-0: Ball 1-0: Ball 2-0: Ball 3-0: Called Strike 3-1: Base on Balls Mitchell Oglethorpe scores Kenny Cole to third José Flores to second
|
Batting: RHB Morgan Gibbon
|
0-0: Ball 1-0: Ball 2-0: SINGLE (Groundball, 6MD) Kenny Cole scores José Flores to third Ralph Robison to second
|
Batting: RHB Juan Caceres
|
0-0: Ball 1-0: Ball 2-0: Called Strike 2-1: Ball 3-1: Base on Balls José Flores scores Ralph Robison to third Morgan Gibbon to second
|
Batting: RHB António Magana
|
0-0: Ball 1-0: Swinging Strike 1-1: Swinging Strike 1-2: Ball 2-2: Fielders Choice at 2nd, 6-4 (Groundball, 6) Ralph Robison scores Morgan Gibbon to third
|
Batting: RHB John Jones
|
|
Pinch Hitting: LHB Stan Hickman
|
0-0: Called Strike 0-1: Ball 1-1: Foul Ball, location: 2F 1-2: Ball 2-2: Ball 3-2: Base on Balls António Magana to second
|
Batting: RHB Justin Geoghegan
|
0-0: Called Strike 0-1: Ball 1-1: Foul Ball, location: 2F 1-2: Hit by Pitch Morgan Gibbon scores António Magana to third Stan Hickman to second
|
Batting: LHB Mitchell Oglethorpe
|
0-0: Called Strike 0-1: Ball 1-1: Ball 2-1: Foul Ball, location: 2F 2-2: Strikes out looking
|
Top of the 9th over - 8 runs, 2 hits, 0 errors, 3 left on base; Utica 19 - Allentown 1 |
BOTTOM OF THE 9TH |
Allentown Hillbillies batting - Pitching for Utica Unicorns : RHP Don Wiggins
|
Now at 2B: Marcos Castillo
|
|
Batting: RHB Marc Cox
|
0-0: Hit by Pitch
|
Batting: RHB Juan Magdayao
|
0-0: Swinging Strike 0-1: Ball 1-1: Foul Ball, location: 2F 1-2: Strikes out swinging
|
Batting: LHB Júlio Lorenzo
|
0-0: Ball 1-0: Ball 2-0: Foul Ball, location: 2F 2-1: SINGLE (Line Drive, 78S) Marc Cox to second
|
Batting: SHB Travis Martin
|
0-0: Called Strike 0-1: SINGLE (Flyball, 8RS) Marc Cox to third Júlio Lorenzo to second
|
Batting: RHB Albert Lutz
|
0-0: Ball 1-0: Ball 2-0: Called Strike 2-1: Fly out, F8 (Flyball, 8RM) Runner from 3rd tags up, SCORES, no throw
|
Batting: RHB Germano Labrego
|
0-0: Called Strike 0-1: Ball 1-1: Called Strike 1-2: Foul Ball, location: 2F 1-2: Foul Ball, location: 2F 1-2: Strikes out swinging
|
Bottom of the 9th over - 1 run, 2 hits, 0 errors, 2 left on base; Utica 19 - Allentown 2 |
|